 Dungeon Sprint DCSS version 0.23-a0-642-g3120c2f (webtiles) character file.

78 Leeroy the Covered (level 4, -2/39 HPs)
             Began as a Barachi Fighter on Dec 30, 2018.
             Slain by a water moccasin (4 damage)
             ... in the Dungeon (Sprint V: "Ziggurat Sprint").
             The game lasted 00:04:45 (150 turns).

Leeroy the Covered (Barachi Fighter)                 Turns: 150, Time: 00:04:46

Health: -2/39      AC:  9    Str: 18    XL:     4   Next: 36%
Magic:  4/4        EV:  7    Int:  9    God:
Gold:   0          SH:  9    Dex: 11    Spells: 3/3 levels left

rFire    + . .     SeeInvis .   W - +5 quick blade
rCold    . . .     Gourm    .   c - +0 shield
rNeg     . . .     Faith    .   b - +0 scale mail
rPois    .         Spirit   .   (no helmet)
rElec    .         Reflect  .   (no cloak)
rCorr    .         Harm     .   a - +0 pair of gloves of Dim Light {rF+ MR- Regen+} (curse)
MR       .....     NoTele   +   (no boots)
Stlth    ..........             (no amulet)
HPRegen  0.53/turn              (no ring)
MPRegen  0.09/turn              (no ring)

@: lethally poisoned (-2 -> -2), slow
A: +LOS, swims, slowness 1, strong legs 1
a: Hop


You were in the Dungeon.
You were not hungry.

You visited 1 branch

Inventory:

Hand Weapons
 w - the +9 heavy crossbow "Sniper" {velocity, Acc+∞ SInv}
   (You found it in the Dungeon)

   Any bolt fired from it inflicts extra damage.
   It lets you see invisible.
 z - the +7 Singing Sword {slice, sonic wave}
   (You found it in the Dungeon)

   It inflicts extra damage upon your enemies.
 A - the +11 plutonium sword {*Contam Stlth-}
   (You found it in the Dungeon)

   It causes magical contamination when unequipped.
   It makes you less stealthy.
 B - the +0 sword of Power
   (You found it in the Dungeon)
 C - the +9 sword of Zonguldrok {reap}
   (You found it in the Dungeon)

   If a monster killed with it leaves a corpse in good enough shape, the corpse
   will be animated as a zombie friendly to the killer.
 Q - a +5 executioner's axe
 R - a +5 demon trident
 T - a +5 demon blade
 U - a +5 double sword
 V - a +5 triple sword
 W - a +5 quick blade (weapon)
 Z - a +5 arbalest
Missiles
 X - 1000 arrows
 Y - 1000 bolts
Armour
 a - the cursed +0 pair of gloves of Dim Light (worn) {rF+ MR- Regen+}
   (You found it in the Dungeon)

   It protects you from fire.
   It affects your resistance to hostile enchantments.
   It increases your rate of regeneration.
   It has a curse placed upon it.
 b - a +0 scale mail (worn)
 c - a +0 shield (worn)
 x - the +15 Maxwell's patent armour {-Cast -Tele rElec MR+ rCorr}
   (You found it in the Dungeon)

   It insulates you from electricity.
   It affects your resistance to hostile enchantments.
   It prevents spellcasting.
   It prevents most forms of teleportation.
   It provides partial protection from all sources of acid and corrosion.
 y - the +18 shield of the Gong {rElec rN+ MR+ EV-5}
   (You found it in the Dungeon)

   It affects your evasion (-5).
   It insulates you from electricity.
   It protects you from negative energy.
   It affects your resistance to hostile enchantments.
Magical Staves
 L - an uncursed staff of energy
Jewellery
 E - a +6 ring of dexterity
 F - a +6 ring of dexterity
 G - a +6 ring of intelligence
 H - a +6 ring of intelligence
 I - a +6 ring of strength
 J - a +6 ring of strength
 K - an uncursed ring of flight
Wands
 N - a wand of disintegration (7)
 O - a wand of iceblast (7)
 P - a wand of acid (7)
Scrolls
 k - 4 scrolls of blinking
 q - 4 scrolls of amnesia
 r - 7 scrolls of fog
 s - a scroll of holy word
 t - 5 scrolls of identify
 u - 5 scrolls of remove curse
 v - 2 scrolls of fear
Potions
 d - 6 potions of might
 e - 10 potions of curing
 g - 10 potions of heal wounds
 h - 6 potions of haste
 i - 7 potions of magic
 j - 3 potions of berserk rage
 l - 2 potions of brilliance
 m - 2 potions of invisibility
 n - 4 potions of resistance
 o - a potion of experience
 p - 5 potions of agility
Miscellaneous
 D - a lightning rod (4/4)
 M - a crystal ball of energy
Comestibles
 f - 7 rations
 S - 4 chunks of flesh


   Skills:
 - Level 5.3 Fighting
 * Level 6.0 Long Blades
 - Level 6.8 Armour
 - Level 0.3 Dodging
 - Level 4.9 Shields


You had 3 spell levels left.
You didn't know any spells.
Your spell library was empty.

Dungeon Overview and Level Annotations

Branches:
Dungeon (1/1)

Altars:
Ashenzari
Cheibriados
Dithmenos
Elyvilon
Fedhas
Gozag
Hepliaklqana
Kikubaaqudgha
Makhleb
Nemelex Xobeh
Okawaru
Qazlal
Ru
Sif Muna
Trog
Uskayaw
Vehumet
Wu Jian
Xom
Yredelemnul
Zin
The Shining One
Beogh
Jiyva
Lugonu

Annotations:
D 1 transporter


Innate Abilities, Weirdness & Mutations

Shadows flee at your approach. (+LOS)
You can swim through water.
You cover ground slowly.
You can hop short distances.


Message History

You miss the adder. The water moccasin bites you.
* * * LOW HITPOINT WARNING * * *
You block the adder's attack.
You hit the adder.
The adder is moderately wounded.
The water moccasin closely misses you.
You puncture the adder!
The adder is almost dead.
You feel sick. The adder bites you but does no damage.
You hit the adder.
You kill the adder!
Your Long Blades skill increases to level 6!
You block the water moccasin's attack.
You puncture the water moccasin!
The water moccasin is moderately wounded.
You block the water moccasin's attack.
You hit the water moccasin.
The water moccasin is heavily wounded.
You feel sick. The water moccasin bites you.
You die...

▓▓▓▓▓▓▓▓▓▓▓▓▓
▓.8©8.▓.8©8.▓
▓.|==.▓.....▓
▓.....▓.)...▓
▓.....▓.....▓
▓.....▓.)|..▓
▓.S††.▓..©..▓
▓..@..▓▓▓▓▓▓▓
▓▓▓▓▓▓▓


You could see a water moccasin.

Vanquished Creatures
  An orc priest (D)
  An orc wizard (D)
  2 adders (D)
4 creatures vanquished.

Notes
Turn   | Place    | Note
-------+----------+-------------------------------------------
     0 | D        | Found the +6 Majin-Bo {vamp, Archmagi MP+6 Int+6}
     0 | D        | Found the +7 great mace "Firestarter" {inner flame, rF++}
     0 | D        | Leeroy the Barachi Fighter began the quest for the Orb.
     0 | D        | Reached XP level 1. HP: 18/18 MP: 1/1
     0 | D        | Found a transporter.
     0 | D        | Found an ancient bone altar of Kikubaaqudgha.
     0 | D        | Found a viscous altar of Jiyva.
     0 | D        | Found a corrupted altar of Lugonu.
     0 | D        | Found a hazy altar of Hepliaklqana.
     0 | D        | Found a burning altar of Makhleb.
     0 | D        | Found an opulent altar of Gozag.
    10 | D        | Found the +9 heavy crossbow "Sniper" {velocity, Acc+∞ SInv}
    10 | D        | Found the +10 dark maul {crush}
    10 | D        | Found the +15 Maxwell's patent armour {-Cast -Tele rElec
                  | MR+ rCorr}
    10 | D        | Found the +18 shield of the Gong {rElec rN+ MR+ EV-5}
    10 | D        | Found the cursed +14 obsidian axe {chop, +Fly SInv *Curse}
    12 | D        | Found the +6 shillelagh "Devastator" {shatter}
    12 | D        | Found the +11 plutonium sword {*Contam Stlth-}
    12 | D        | Found the +8 lance "Wyrmbane" {slay drac, rPois rF+ rC+
                  | AC+3}
    12 | D        | Found the +9 sword of Zonguldrok {reap}
    12 | D        | Found the cursed +13 scythe of Curses {drain, *Curse}
    12 | D        | Found the +0 sword of Power
    12 | D        | Found the +7 mace of Variability {chain chaos}
    12 | D        | Found the +7 Singing Sword {slice, sonic wave}
    12 | D        | Found the +7 longbow "Piercer" {penet, EV-2}
    94 | D        | Entered arena 2.
    94 | D        | Noticed an orc wizard
    94 | D        | Noticed an orc priest
    94 | D        | Found a transporter.
   100 | D        | Killed an orc priest
   100 | D        | Reached skill level 5 in Armour
   100 | D        | Reached XP level 2. HP: 24/26 MP: 2/2
   100 | D        | Reached XP level 3. HP: 29/32 MP: 3/3
   109 | D        | Reached skill level 5 in Fighting
   109 | D        | Reached XP level 4. HP: 11/39 MP: 4/4
   119 | D        | Got the cursed +0 pair of gloves of Dim Light {rF+ MR-
                  | Regen+}
   135 | D        | Entered arena 3.
   135 | D        | Noticed a water moccasin
   135 | D        | Found a transporter.
   136 | D        | Found the ring of Shadows {Umbra +Inv Stlth+}
   144 | D        | Reached skill level 5 in Long Blades
   150 | D        | Slain by a water moccasin

Vault maps used:
D:        sprint_v

Skill      XL: |  1  2  3  4 |
---------------+-------------+-----
Fighting       | 4 5 |  5.3
Long Blades    | 4 6 |  6.0
Armour         | 5 6 |  6.8
Shields        | 4 |  4.9
Dodging        | |  0.3

Action                   |  1- 3 |  4- 6 || total
-------------------------+-------+-------++-------
Melee: Quick blade       |    14 |    13 ||    27
Armor: Scale mail        |     1 |     6 ||     7
Dodge: Dodged            |     1 |     3 ||     4
Block: Shield            |     5 |    10 ||    15

Table legend:
 A = Non-vault XP
 B = Vault XP
 C = Vault XP percentage of total XP
 D = Non-vault monster count
 E = Vault monster count
 F = Vault count percentage of total count
                 A         B        C        D         E       F
            +---------+---------+-------+---------+---------+-------
      Total |       0 |     112 | 100.0 |       0 |       4 | 100.0
            +---------+---------+-------+---------+---------+-------
          D |       0 |     112 | 100.0 |       0 |       4 | 100.0
            +---------+---------+-------+---------+---------+-------
